 Dungeon Crawl Stone Soup version 0.21-a0-1-gaf3b9a5 (webtiles) character file.

2529 nikopol the Chopper (level 9, -10/84 HPs)
             Began as a Gargoyle Berserker on May 20, 2017.
             Was an Elder of Trog.
             Mangled by a two-headed ogre
             ... wielding a +0 giant spiked club
              (18 damage)
             ... on level 8 of the Dungeon.
             The game lasted 00:16:47 (6963 turns).

nikopol the Chopper (Gargoyle Berserker)            Turns: 6963, Time: 00:16:47

Health: -10/84     AC: 14    Str: 27    XL:     9   Next: 54%
Magic:  9/9        EV: 12    Int:  7    God:    Trog [****..]
Gold:   368        SH:  0    Dex: 12    Spells: 8/8 levels left

rFire    . . .     SeeInvis .   a - +0 hand axe
rCold    . . .     Gourm    .   (no shield)
rNeg     + + .     Faith    .   e - +0 scale mail
rPois    ∞         Spirit   .   (no helmet)
rElec    +         Reflect  .   h - +0 cloak
rCorr    .         Harm     .   (no gloves)
MR       +++..     Clarity  +   (no boots)
Stlth    ..........             p - amulet of the Four Winds {rN+ MR+++ Clar}
Regen    0.3/turn               (no ring)
MPRegen  0.2/turn               (no ring)

@: berserking, very quick
A: negative energy resistance 1, electricity resistance, unbreathing,
petrification resistance, rot immunity, AC +5
a: Berserk, Trog's Hand, Brothers in Arms, Burn Spellbooks, Renounce Religion


You were on level 8 of the Dungeon.
You worshipped Trog.
Trog was greatly pleased with you.
You were very hungry.

You visited 1 branch of the dungeon, and saw 8 of its levels.

You collected 368 gold pieces.

Inventory:

Hand Weapons
 a - a +0 hand axe (weapon)
 z - a +0 shortbow
Missiles
 B - 158 arrows (quivered)
Armour
 b - a +0 animal skin
 e - a +0 scale mail (worn)
 h - a +0 cloak (worn)
 F - a cursed -2 ring mail
Jewellery
 p - the amulet of the Four Winds (around neck) {rN+ MR+++ Clar}
   (You found it on level 2 of the Dungeon)

   [amulet of nothing]

   It protects you from negative energy.
   It affects your resistance to hostile enchantments.
   It protects you against confusion.
 E - an uncursed ring of resist corrosion {unknown}
 H - an uncursed ring of protection from cold {unknown}
 J - a +2 ring of strength {unknown}
Wands
 D - a wand of lightning (6/15)
Scrolls
 i - 2 scrolls of brand weapon {unknown}
 j - 4 scrolls of identify
 n - 3 scrolls of remove curse {unknown}
 o - a scroll of blinking {unknown}
 r - a scroll of enchant armour {unknown}
 s - 3 scrolls of fog {unknown}
 t - 5 scrolls of teleportation {unknown}
 v - 3 scrolls of magic mapping {unknown}
 w - a scroll of amnesia {unknown}
 x - 3 scrolls of immolation {unknown}
 y - a scroll of enchant weapon {unknown}
Potions
 f - 2 potions of resistance
 g - a potion of cancellation {unknown}
 k - 3 potions of invisibility
 l - a potion of might
 m - a potion of flight {unknown}
 q - 2 potions of heal wounds {unknown}
 A - a potion of brilliance {unknown}
 C - a potion of curing {unknown}
Comestibles
 c - 8 bread rations
 d - 7 royal jellies
 u - 5 meat rations
 I - 3 fruits


   Skills:
 + Level 6.4 Fighting
 * Level 6.9 Axes
 * Level 5.6 Bows
 + Level 5.8 Armour
 + Level 4.4 Dodging


You had 8 spell levels left.
You didn't know any spells.

Dungeon Overview and Level Annotations

Branches:
Dungeon (8/15)             Temple (0/1) D:6
   Lair: D:8-11

Altars:
Elyvilon
Vehumet
Xom
Yredelemnul
Zin

Shops:
D:7 =   D:8 (


Innate Abilities, Weirdness & Mutations

You are resistant to torment.
Your stone body is resilient. (AC +5)
You are immune to poison.
You resist negative energy. (rN+)
You are resistant to electric shocks. (rElec)
You can survive without breathing.
You are immune to petrification.
You are immune to rotting.


Message History

Wield which item (- for none, * to show all)? (? for menu, Esc to quit)
You are already wielding that!
A red film seems to cover your vision as you go berserk!
You feel yourself moving faster!
You feel mighty!
You are feeling very hungry.
The centaur hits you. The centaur barely misses you.
The two-headed ogre hits you with a giant spiked club!
* * * LOW HITPOINT WARNING * * *
The two-headed ogre hits you with a giant spiked club!
* * * LOW HITPOINT WARNING * * *
You slash the two-headed ogre!
The two-headed ogre is severely wounded.
You hit the centaur.
The centaur hits you but does no damage.
You barely miss the two-headed ogre.
The two-headed ogre is severely wounded.
You slash the centaur!
The centaur hits you but does no damage.
The two-headed ogre hits you with a giant spiked club!!
You die...

##.# ##.....>.##..# #..#
##...## ..# #.## #### #
##.# .. #..# ..(
#..######### ....
#..........########.>...
.................c......
###########.....@O.$$$..
#..### ########($∩$..
.....## $$$.. ......#
.... ....### .## ##### #


You could see a two-headed ogre and a centaur.

Vanquished Creatures
  Pikel (D:7)
  A hippogriff (D:7)
  A steam dragon (D:7)
  Menkaure (D:7)
  2 slaves (D:6)
  An ice beast (D:6)
  3 ogres
  A phantom (D:5)
  3 centaurs (D:5)
  6 bullfrogs
  A gnoll sergeant (D:7)
  A scorpion (D:6)
  A hound (D:4)
  An orc wizard (D:7)
  A bullfrog skeleton (D:6)
  Jessica (D:3)
  A centaur skeleton (D:5)
  An iguana (D:7)
  4 worker ants
  5 gnolls (D:7)
  A howler monkey skeleton (D:4)
  6 adders
  2 shadow imps
  An ooze (D:4)
  2 adder zombies (D:6)
  An adder skeleton (D:6)
  A worm (D:4)
  A dart slug (D:1)
  6 leopard geckos
  6 orcs
  8 giant cockroaches
  2 hobgoblins
  4 jackals
  3 quokkas
  A ball python (D:6)
  8 bats
  7 frilled lizards
  5 goblins (D:2)
  5 kobolds
  A quokka skeleton (D:4)
  6 rats
114 creatures vanquished.

Notes
Turn   | Place    | Note
-------+----------+-------------------------------------------
     0 | D:1      | nikopol the Gargoyle Berserker began the quest for the Orb.
     0 | D:1      | Reached XP level 1. HP: 14/14 MP: 1/1
   101 | D:1      | Reached XP level 2. HP: 9/19 MP: 2/2
   752 | D:2      | Reached ** piety under Trog
   785 | D:2      | Found a radiant altar of Vehumet.
   835 | D:2      | Reached XP level 3. HP: 24/24 MP: 3/3
   836 | D:2      | Found a basalt altar of Yredelemnul.
   917 | D:2      | Found a shimmering altar of Xom.
  1650 | D:3      | Noticed Jessica
  1672 | D:3      | Killed Jessica
  1672 | D:3      | Reached XP level 4. HP: 20/29 MP: 4/4
  2393 | D:4      | Reached XP level 5. HP: 30/34 MP: 5/5
  2969 | D:5      | Entered Level 5 of the Dungeon
  3025 | D:5      | Reached *** piety under Trog
  3148 | D:5      | Reached XP level 6. HP: 36/39 MP: 6/6
  3542 | D:5      | Found a glowing silver altar of Zin.
  3556 | D:5      | Reached skill level 5 in Fighting
  3556 | D:5      | Reached skill level 1 in Bows
  3556 | D:5      | Reached XP level 7. HP: 44/44 MP: 7/7
  3924 | D:5      | Reached skill level 5 in Axes
  4366 | D:6      | Reached XP level 8. HP: 20/49 MP: 8/8
  4575 | D:6      | Found a glowing silver altar of Zin.
  4730 | D:6      | Found a white marble altar of Elyvilon.
  4880 | D:6      | Found a staircase to the Ecumenical Temple.
  5395 | D:7      | Noticed Pikel
  5484 | D:7      | Reached skill level 5 in Armour
  5838 | D:7      | Killed Pikel
  5838 | D:7      | Reached skill level 5 in Bows
  5838 | D:7      | Reached XP level 9. HP: 55/55 MP: 9/9
  5947 | D:7      | Noticed Menkaure
  5953 | D:7      | Killed Menkaure
  6006 | D:7      | Reached **** piety under Trog
  6012 | D:7      | Found Qurr's Jewellery Shoppe.
  6950 | D:8      | Found Nopp's Weapon Shoppe.
  6953 | D:8      | Noticed a two-headed ogre
  6963 | D:8      | Mangled by a two-headed ogre

Vault maps used:
D:1:      mrwooster_arrival_statue_3, amethyst_killhole
D:2:      yredelemnul_altar_generic, gammafunk_temple_overflow_arena,
          lemuel_crystal_altar, first_bread
D:3:      uniq_jessica
D:4:      kennysheep_generic_room_14
D:5:      zin_treasury
D:6:      elyvilon_altar_4, minmay_temple_entry_purple_smoke, basic_altar
D:7:      serial_shops, shop_statue, uniq_pikel, uniq_menkaure
D:8:      kennysheep_mini_moat, serial_shops, shop_coins, grunt_ogre_cave,
          uniq_grum

Skill      XL: |  1  2  3  4  5  6  7  8 |
---------------+-------------------------+-----
Axes           | 3 4 5 6 |  6.9
Dodging        | 2 3 4 |  4.4
Fighting       | 4 5 6 |  6.4
Armour         | 3 4 5 |  5.8
Bows           | 1 2 5 |  5.6

Action                   |  1- 3 |  4- 6 |  7- 9 || total
-------------------------+-------+-------+-------++-------
Melee: Hand axe          |   120 |   178 |   199 ||   497
 Fire: Shortbow          |       |     5 |   134 ||   139
Invok: Berserk           |       |     1 |     8 ||     9
  Use: Scroll            |       |     4 |       ||     4
  Eat: Chunk             |     2 |     7 |    18 ||    27
Armor: Scale mail        |    73 |   121 |   146 ||   340
       Animal skin       |     2 |       |       ||     2
Dodge: Dodged            |    94 |   130 |   141 ||   365
